AoeStats
← bullseyes

Arena

506382943Analyzed
4v4 RM · 18d ago on Sep 13, 2026· 39m 30s· 8 players
Game mode
Random Map
Map size
Large (8 player)
Population
200
Speed
Normal
Resources
Standard
Victory
Conquest
Starting age
Dark Age
Ending age
Imperial Age
RankedLock teamsTeams togetherTeam positionsShared explorationLock speedFull tech treeHidden civsTurbo modeCheats
Victory
Defeat
🇨🇳 Dravidians · China
1728
+13
🇭🇰 Mongols · Hong Kong SAR China
1682
+15
🇨🇳 Franks · China
1664
+15
🇦🇷 Spanish · Argentina
1599
+18
🇨🇳 Georgians · China
1720
-18
🇦🇷 Slavs · Argentina
1646
-15
🇧🇪 Jurchens · Belgium
1622
-14
🇮🇳 Malay · India
1622
-14
色狼英雄传
10:08 Feudal Age
11:05 Double-Bit Axe
11:39 Double-Bit Axe
14:10 Castle Age
12:33 Horse Collar
15:12 Bow Saw
15:24 Heavy Plow
21:27 Wheelbarrow
21:19 Gold Mining
21:43 Stone Mining
22:49 Town Watch
23:23 Hand Cart
27:56 Imperial Age
25:12 Loom
25:13 Town Watch
26:12 Ballistics
26:53 Stone Shaft Mining
26:54 Gold Shaft Mining
28:40 Fletching
29:52 Chemistry
29:23 Siege Engineers
29:40 Masonry
29:42 Siege Engineers
29:21 Capped Ram
30:16 Bodkin Arrow
30:26 Siege Ram
31:29 Drill
33:14 Fortified Wall
34:05 Chemistry
33:07 Bracer
33:07 Padded Archer Armor
34:03 Conscription
33:04 Elite Mangudai
35:34 Leather Archer Armor
37:19 Thumb Ring
37:40 Parthian Tactics
37:26 Bloodlines
37:16 Husbandry
灯笼
10:41 Feudal Age
12:09 Double-Bit Axe
14:28 Castle Age
13:07 Horse Collar
19:06 Wheelbarrow
21:45 Bow Saw
22:31 Hand Cart
23:35 Gold Mining
25:36 Fletching
25:47 Padded Archer Armor
26:08 Stone Mining
29:01 Imperial Age
26:17 Loom
26:54 Bodkin Arrow
27:20 Ballistics
28:55 Leather Archer Armor
29:10 Elite Elephant Archer
30:56 Chemistry
30:01 Bracer
30:21 Thumb Ring
32:22 Ring Archer Armor
32:49 Medical Corps
33:42 Conscription
34:28 Husbandry
35:25 Masonry
35:06 Siege Elephant
36:37 Hoardings
38:37 Town Watch
38:44 Guard Tower
38:39 Arrowslits
39:01 Scale Barding Armor
39:07 Forging
39:23 Heavy Plow
40:24 Two-Man Saw
嚯嚯嚯嚯
10:54 Feudal Age
14:49 Castle Age
12:40 Double-Bit Axe
13:39 Loom
13:40 Horse Collar
15:47 Bow Saw
15:37 Heavy Plow
19:08 Stone Mining
20:39 Fletching
26:12 Bodkin Arrow
27:21 Stone Shaft Mining
27:34 Wheelbarrow
29:30 Gold Mining
36:14 Imperial Age
35:58 Scale Barding Armor
36:03 Forging
37:55 Chain Barding Armor
38:52 Bloodlines
38:42 Husbandry
39:12 Cavalier
摸鱼种田
10:10 Feudal Age
13:47 Castle Age
12:06 Double-Bit Axe
23:41 Wheelbarrow
28:12 Imperial Age
25:29 Town Watch
25:53 Loom
26:24 Hand Cart
26:59 Bow Saw
27:33 Scale Barding Armor
28:11 Husbandry
28:19 Cavalier
29:01 Chivalry
29:23 Conscription
29:39 Chain Barding Armor
29:52 Forging
29:41 Gold Mining
29:36 Paladin
30:58 Plate Barding Armor
30:33 Forging
32:07 Gold Shaft Mining
33:32 Iron Casting
40:12 Blast Furnace
atom
12:17 Feudal Age
15:21 Castle Age
13:40 Double-Bit Axe
14:04 Horse Collar
18:05 Loom
27:59 Imperial Age
30:02 Fletching
31:55 Elite Skirmisher
33:41 Ballistics
34:00 Bodkin Arrow
34:58 Bracer
36:03 Padded Archer Armor
G5
11:05 Feudal Age
14:48 Castle Age
13:04 Double-Bit Axe
13:33 Horse Collar
15:41 Bow Saw
17:42 Town Watch
17:49 Loom
22:29 Heavy Plow
28:27 Wheelbarrow
28:18 Scale Mail Armor
31:29 Imperial Age
29:31 Chain Mail Armor
28:38 Man-at-Arms
29:19 Squires
29:41 Long Swordsman
30:33 Forging
30:27 Pikeman
31:18 Gold Mining
31:20 Stone Mining
31:50 Fletching
32:49 Ballistics
32:12 Heavy Scorpion
34:11 Scale Barding Armor
33:55 Light Cavalry
34:45 Bloodlines
34:36 Husbandry
tim.13
10:03 Feudal Age
14:00 Castle Age
11:47 Double-Bit Axe
12:38 Horse Collar
15:25 Wheelbarrow
15:05 Bow Saw
19:47 Gold Mining
21:31 Stone Mining
22:49 Stone Shaft Mining
26:29 Imperial Age
24:10 Loom
25:06 Ballistics
24:37 Guard Tower
24:41 Fletching
25:09 Town Watch
25:23 Bodkin Arrow
25:12 Treadmill Crane
27:16 Bracer
28:18 Chemistry
27:18 Arrowslits
29:13 Keep
29:20 Murder Holes
30:58 Conscription
32:30 Scale Barding Armor
32:36 Forging
32:46 Onager
34:22 Elite Monaspa
36:13 Chain Barding Armor
37:38 Plate Barding Armor
37:39 Iron Casting
37:17 Bloodlines
37:07 Husbandry
bullseyes
10:34 Feudal Age
14:18 Castle Age
12:37 Double-Bit Axe
12:44 Horse Collar
15:17 Bow Saw
16:45 Loom
23:09 Wheelbarrow
23:23 Heavy Plow
23:15 Stone Mining
25:15 Stone Shaft Mining
24:34 Gold Mining
25:29 Hand Cart
25:42 Hand Cart
25:13 Town Watch
26:19 Treadmill Crane
29:31 Imperial Age
27:56 Ballistics
27:46 Scale Barding Armor
27:32 Fletching
28:24 Fortified Bastions
28:50 Chain Barding Armor
28:41 Forging
29:37 Bloodlines
29:27 Husbandry
29:32 Elite Iron Pagoda
30:57 Plate Barding Armor
31:38 Iron Casting
32:14 Conscription
Connection lost

Rejoining the realm…

Still unreachable

The connection could not be restored.

Session expired

The server has moved on; the page needs a fresh start.